 Dungeon Crawl Stone Soup version 0.26-b1-32-g5d43845318 (webtiles) character file.

Game seed: 1776391871304658197

2415 inmateoo the Thaumaturge (level 9, -3/35 HPs)
             Began as a Spriggan Conjurer on Jan 9, 2021.
             Was a Follower of Hepliaklqana.
             Shot with a sling bullet by Joseph (19 damage)
             ... on level 7 of the Dungeon.
             The game lasted 00:18:08 (10172 turns).

inmateoo the Thaumaturge (Spriggan Conjurer)       Turns: 10172, Time: 00:18:09

Health: -3/35      AC:  5    Str:  3    XL:     9   Next: 23%
Magic:  17/22      EV: 21    Int: 22    God:    Hepliaklqana [*.....]
Gold:   104        SH:  0    Dex: 21    Spells: 19/25 levels left

rFire    . . .     SeeInvis +   v - +0 dagger (protect)
rCold    . . .     Faith    .   (shield restricted)
rNeg     . . .     Spirit   .   q - +0 steam dragon scales
rPois    .         Reflect  .   (helmet restricted)
rElec    .         Harm     .   w - scarf {shadows}
rCorr    .         Rampage  .   (gloves unavailable)
Will     +....                  (boots unavailable)
Stlth    ++++......             (no amulet)
HPRegen  0.11/turn              c - +6 ring of dexterity
MPRegen  0.18/turn              (no ring)

@: very quick
A: very small, unfitting armour, reduced essence, see invisible, speed 3
a: Renounce Religion, Recall Ancestor, Ancestor Identity


You were on level 7 of the Dungeon.
You worshipped Hepliaklqana.
Hepliaklqana was aware of your devotion.
You visited 2 branches of the dungeon, and saw 8 of its levels.

You collected 296 gold pieces.
You spent 192 gold pieces at shops.

Inventory:

Hand Weapons
 i - a +1 dagger
 v - a +0 dagger of protection (weapon)
Missiles
 m - 7 atropa-tipped darts
 r - 5 boomerangs (quivered)
 z - a throwing net
Armour
 q - +0 steam dragon scales (worn)
 w - a scarf of shadows (worn)
Jewellery
 c - a +6 ring of dexterity (left hand)
Wands
 u - a wand of disintegration (33)
 y - a wand of acid (4)
Scrolls
 a - a scroll of identify
 d - a scroll of enchant weapon
 f - a scroll of magic mapping
 h - 3 scrolls of teleportation
 l - 2 scrolls of enchant armour
 t - 3 scrolls of remove curse
Potions
 b - 4 potions of curing
 e - 2 potions of magic
 g - 2 potions of ambrosia
 j - 3 potions of resistance {unknown}
 k - a potion of flight
 n - 2 potions of attraction
 o - a potion of lignification
 p - 2 potions of brilliance
 s - 2 potions of haste
 A - a potion of berserk rage


   Skills:
 - Level 4.0 Throwing
 - Level 5.0 Dodging
 - Level 8.0 Stealth
 + Level 8.7 Spellcasting
 + Level 6.0 Conjurations
 + Level 4.0 Hexes


You had 19 spell levels left.
You knew the following spells:

 Your Spells              Type           Power        Failure   Level
a - Magic Dart            Conj           72%          1%          1
b - Searing Ray           Conj           36%          1%          2
c - Dazzling Flash        Conj/Hex       30%          2%          3

Your spell library contained the following spells:

 Spells                   Type           Power        Failure   Level
 Confusing Touch          Hex            13%          4%          3
 Fulminant Prism          Conj/Hex       7%           9%          4
 Gell's Gravitas          Tloc           2%           21%         3
 Iskenderun's Mystic Bla  Conj/Tloc      11%          21%         4
 Petrify                  Tmut/Erth      4%           56%         4
 Metabolic Englaciation   Hex/Ice        4%           63%         5
 Yara's Violent Unravell  Hex/Tmut       4%           63%         5


Dungeon Overview and Level Annotations

Branches:
Dungeon (7/15)             Temple (1/1) D:5

Altars:
Ashenzari
Cheibriados
Dithmenos
Elyvilon
Fedhas
Gozag
Hepliaklqana
Kikubaaqudgha
Nemelex Xobeh
Okawaru
Qazlal
Ru
Trog
Uskayaw
Vehumet
Wu Jian
Xom
Yredelemnul
Zin
The Shining One

Shops:
D:7 [[

Annotations:
D:7 3 runed translucent doors, Canard's ghost, novice TrFi; Himaraol's ghost, novice HOFi; Joseph; emiel's ghost, novice DsWn; night's ghost, novice TrFi; tilp's ghost, novice MiBe


Innate Abilities, Weirdness & Mutations

You are very small and have problems with some larger weapons.
You are too small for most types of armour.
You have supernaturally acute eyesight. (SInv)
You cover ground extremely quickly.
Your life essence is reduced to manifest your ancestor. (-10% HP)


Message History

Aim: Joseph, wielding a +0 hunting sling, wearing a +0 leather armour and quivering 18 sling bullets (lightly wounded, 22% to evade)
You feel a numb sensation.
The searing ray hits Joseph.
Joseph is lightly wounded. (Press . to maintain the ray.) Joseph shoots a sling bullet.
The sling bullet misses you.
Synnove barely misses Joseph.
The searing ray misses Joseph.
Synnove hits Joseph but does no damage.
Unknown command.
The searing ray hits Joseph!
Joseph is moderately wounded.
Joseph shoots a sling bullet.
The sling bullet hits you.
Synnove hits Joseph.
Unknown command.
The searing ray hits Joseph!
Joseph is heavily wounded.
You finish channeling your searing ray.
Joseph shoots a sling bullet.
The sling bullet hits you!
Synnove closely misses Joseph.
Unknown command.
Joseph shoots a sling bullet.
The sling bullet hits you!!
Ouch! That really hurt!
You die...

#.##.# #####...# ####.#..# ###R#
**# ..##...#### #.######..
..#.......# #.#..))...
#####+++###*******######...####.#
.#.WWW....$#,,,,,...............#
.#8.W.....8#,,,,,...........R....
##=.......$#.#########.#.........
##........$#....@................
###8.....8####.......###........>
(.##$$8.$##....#(##### ##########
...#############@##
##...............R###
.......##...........##
##.###...............##*
#8####........(.......*
##.##.(..............#,*******


You could see the friendly Synnove the ancestor and Joseph.

Vanquished Creatures
  Maggie (D:7)
  Grinder (D:6)
  2 sky beasts (D:7)
  A black bear (D:7)
  A necrophage (D:7)
  A phantom (D:4)
  2 centaurs (D:6)
  A gnoll sergeant (D:6)
  2 scorpions
  4 wights (D:7)
  A bullfrog zombie (D:6)
  2 bullfrog skeletons
  An orc wizard (D:5)
  An iguana (D:4)
  4 worker ants
  A hound zombie (D:6)
  Robin (D:3)
  9 adders
  An ancestor (D:7)
  15 gnolls
  2 white imps (D:6)
  An ooze (D:5)
  7 worms
  4 dart slugs
  7 leopard geckos
  13 orcs
  2 ball pythons
  6 bats
  5 giant cockroaches
  16 goblins
  3 hobgoblins
  5 kobolds
  6 quokkas
  8 frilled lizards
  8 rats
145 creatures vanquished.

Vanquished Creatures (collateral kills)
  A steam dragon (D:7)
  An ice beast (D:6)
  A bullfrog (D:7)
  A wight (D:7)
  A bullfrog zombie (D:7)
  2 gnolls
7 creatures vanquished.

Vanquished Creatures (others)
  4 ancestors
4 creatures vanquished.

Grand Total: 156 creatures vanquished

Notes
Turn   | Place    | Note
-------+----------+-------------------------------------------
     0 | D:1      | inmateoo the Spriggan Conjurer began the quest for the Orb.
     0 | D:1      | Reached XP level 1. HP: 9/9 MP: 5/5
   105 | D:1      | Reached XP level 2. HP: 5/13 MP: 0/6
   699 | D:1      | Reached XP level 3. HP: 14/16 MP: 1/8
   964 | D:2      | Learned a level 2 spell: Searing Ray
  1460 | D:2      | Found a blossoming altar of Fedhas.
  1911 | D:2      | Found a hide-covered altar of Uskayaw.
  1911 | D:2      | Noticed a +0 hand axe
  1912 | D:2      | Noticed a +0 dagger
  2020 | D:2      | Reached XP level 4. HP: 21/21 MP: 3/10
  2485 | D:3      | Reached skill level 1 in Throwing
  2743 | D:3      | Reached XP level 5. HP: 24/24 MP: 4/11
  2899 | D:3      | Learned a level 3 spell: Dazzling Flash
  2917 | D:3      | Noticed Robin
  3028 | D:3      | Killed Robin
  3163 | D:3      | Reached skill level 5 in Stealth
  3387 | D:3      | Found a shimmering altar of Xom.
  3748 | D:4      | Reached skill level 5 in Dodging
  3868 | D:4      | Noticed a phantom
  3879 | D:4      | Killed a phantom
  3880 | D:4      | Reached XP level 6. HP: 21/28 MP: 2/13
  4619 | D:5      | Entered Level 5 of the Dungeon
  4748 | D:5      | Found a staircase to the Ecumenical Temple.
  4759 | Temple   | Entered the Ecumenical Temple
  4851 | Temple   | Became a worshipper of Hepliaklqana the Forgotten
  5399 | D:5      | Found a glowing silver altar of Zin.
  5863 | D:5      | Reached * piety under Hepliaklqana
  5998 | D:6      | HP: 1/25 [centaur/arrow (15)]
  6481 | D:6      | Reached XP level 7. HP: 15/28 MP: 3/15
  6645 | D:6      | Reached skill level 5 in Spellcasting
  6711 | D:6      | Noticed Grinder
  7332 | D:6      | Found a sacrificial altar of Ru.
  8114 | D:6      | Killed Grinder
  8115 | D:6      | Reached XP level 8. HP: 28/32 MP: 2/18
  8491 | D:7      | Reached skill level 5 in Conjurations
  8787 | D:7      | Found Uniol's Antique Armour Shoppe.
  8793 | D:7      | Bought a glowing scarf for 192 gold pieces
  8871 | D:7      | Noticed Maggie
  8931 | D:7      | Noticed Joseph
  8967 | D:7      | Reached skill level 1 in Hexes
  9443 | D:7      | Killed Maggie
  9444 | D:7      | Reached XP level 9. HP: 16/35 MP: 7/22
  9657 | D:7      | Found Xenkemir's Armour Shoppe.
  9701 | D:7      | Found a white marble altar of Elyvilon.
  9758 | D:7      | Found a runed translucent gate.
  9758 | D:7      | Found a runed translucent gate.
  9760 | D:7      | Noticed emiel's ghost (novice DsWn)
  9762 | D:7      | Found a runed translucent gate.
  9762 | D:7      | Noticed tilp's ghost (novice MiBe)
  9762 | D:7      | Noticed Canard's ghost (novice TrFi)
  9762 | D:7      | Noticed night's ghost (novice TrFi)
  9763 | D:7      | Noticed Himaraol's ghost (novice HOFi)
 10172 | D:7      | Shot with a sling bullet by Joseph

Illustrated notes

Levels and vault maps discovered:
D:1:      lemuel_arrival_lava_pool, layout_loops_ring
D:2:      layout_basic, dancing_weapons_uskayaw, fedhas_altar_1
D:3:      layout_loops_ring, lemuel_crystal_altar, grunt_ministairs_13,
          uniq_robin
D:4:      layout_loops_corners
D:5:      layout_layer_cave, minmay_temple_entry_sparse_star, basic_altar,
          kennysheep_another_room
D:6:      layout_cave_pods, nicolae_ru_the_path_less_chosen, uniq_grinder
D:7:      layout_rooms, elyvilon_altar_1, gammafunk_ghost_cemetery,
          serial_shops, nicolae_shop_statue_plus, kennysheep_mini_moat,
          uniq_maggie, uniq_joseph
Temple:   lightli_temple_of_artemis

Skill      XL: |  1  2  3  4  5  6  7  8  9 |
---------------+----------------------------+-----
Conjurations   | 3 4 5 6 |  6.0
Spellcasting   | 3 4 6 8 |  8.7
Dodging        | 4 5 |  5.0
Stealth        | 4 5 6 7 8 |  8.0
Throwing       | 1 2 4 |  4.0
Hexes          | 3 4 |  4.0

Action                   |  1- 3 |  4- 6 |  7- 9 || total
-------------------------+-------+-------+-------++-------
Melee: Dagger            |    11 |    37 |    34 ||    82
Throw: Stone             |     6 |       |       ||     6
       Boomerang         |       |     2 |     4 ||     6
       Dart              |       |     2 |       ||     2
 Cast: Magic Dart        |    77 |    76 |    24 ||   177
       Searing Ray       |     3 |    32 |    32 ||    67
       Dazzling Flash    |       |       |     3 ||     3
Invok: Recall Ancestor   |       |       |     4 ||     4
  Use: Scroll            |       |     5 |    12 ||    17
 Stab: Sleeping          |       |     4 |     6 ||    10
       Distracted        |       |       |     4 ||     4
Armor: Robe              |     1 |     6 |     3 ||    10
       Steam dragon scal |       |       |     4 ||     4
Dodge: Dodged            |    21 |    72 |    56 ||   149
